[Event "Czech Open Rapid G1 2024"]
[Site "Pardubice"]
[Date "2024.07.18"]
[Round "5.6"]
[White "Pulpan, Jakub"]
[Black "Jares, Michal"]
[Result "1-0"]
[Annotator "TA"]
[ECO "A30"]
[WhiteElo "2383"]
[BlackElo "2382"]
[PlyCount "73"]
[EventDate "2024.07.16"]
[EventType "swiss"]
[EventCountry "CZE"]
[SourceTitle "playchess.com"]
[Source "ChessBase"]
[SourceQuality "1"]
[TimeControl "1200+10"]

1. Nf3 d5 2. e3 Nf6 3. c4 e6 4. b3 Be7 5. Bb2 O-O 6. Be2 b6 7. O-O Bb7 8. cxd5 Nxd5 9. d4 c5 10. dxc5 Bxc5 11. Nbd2 Be7 12. Rc1 Nd7 13. Rc4 {[%emt 0:01:53] The position is equal.} Bf6 14. Nd4 Ba6 (14... Ne5 $11 15. Ra4 a6) 15. Rc1 (15. Nc6 {feels hotter.} Qe8 16. Ne4 Be7 17. Ra4) 15... Bxe2 16. Qxe2 Nc5 17. Nc4 Rc8 (17... Qd7 $11) 18. Rcd1 Qe7 19. e4 Nf4 20. Qe3 Bg5 {[%emt 0:00:46] [#] Black is now going downhill.} ({Better is} 20... Bxd4 $1 $14 21. Bxd4 Ng6) 21. h4 $1 $16 Bh6 {[%emt 0:00:37][%cal Of4g2] [#]} 22. Qf3 {[%emt 0:00:20] aiming for g3.} Rfd8 (22... Qxh4 23. g3 Qh5 24. gxf4) (22... f6 {keeps fighting.} 23. g3 Ng6) 23. g3 $18 Ng6 24. Nb5 Rxd1 25. Rxd1 Rd8 26. Nbd6 b5 (26... Qc7 {might work better.} 27. e5 Nb7) 27. Nxb5 Rxd1+ 28. Qxd1 Nxe4 29. Qd4 a6 $2 (29... Qb7 30. Qxa7 (30. Nxa7 Nf8 $18) 30... Qxb5 31. Qa8+ Nf8) 30. Ba3 {[%emt 0:01:32] White is clearly winning.} Qe8 31. Nc7 Nxg3 32. fxg3 ({Not} 32. Nxe8 Ne2+ 33. Kf1 Nxd4 $14) 32... Qc8 {[%emt 0:00:01] [#]} 33. Nxa6 $1 f6 (33... e5 34. Nb6) 34. Qd6 Ne5 35. Nxe5 Be3+ 36. Kf1 fxe5 37. Qb8 {[%emt 0:00:01] Weighted Error Value: White=0.05 (flawless) /Black=0.51.  Mistake:       	---       	Black=6      Inaccurate:     	White=1     	---        OK:         	White=7     	Black=10     Best:        	White=3     	---        Brilliant:      	White=1     	---} 1-0

[Event "Czech Open Rapid G1 2024"]
[Site "Pardubice"]
[Date "2024.07.18"]
[Round "5.7"]
[White "Rasik, Vitezslav"]
[Black "Seger, Ruediger"]
[Result "1/2-1/2"]
[Annotator "TA"]
[ECO "B10"]
[WhiteElo "2415"]
[BlackElo "2264"]
[PlyCount "76"]
[EventDate "2024.07.16"]
[EventType "swiss"]
[EventCountry "CZE"]
[SourceTitle "playchess.com"]
[Source "ChessBase"]
[SourceQuality "1"]
[TimeControl "1200+10"]

1. e4 c6 2. c4 d5 3. cxd5 cxd5 4. exd5 Nf6 5. Bb5+ Nbd7 6. Nc3 a6 7. Be2 Nb6 8. Nf3 Nbxd5 9. O-O e6 10. d4 Be7 11. Ne5 O-O 12. Bf3 Bd7 13. Bg5 Bc6 14. Nxc6 bxc6 15. Na4 Qa5 16. Bh4 Rac8 17. Rc1 Rfd8 18. b3 c5 19. dxc5 Bxc5 20. Rxc5 Rxc5 21. Nxc5 Qxc5 22. Bxf6 gxf6 23. Qd2 Qb4 24. Rd1 {[%emt 0:01:18] [#] Strongly threatening Qxb4.} Qxd2 25. Rxd2 $14 {[%emt 0:00:02][%mdl 4096] Endgame. KRB-KRN} Rc8 $1 26. g3 Nb4 27. a3 Nc2 28. Bb7 Rc7 29. Bxa6 Nxa3 30. b4 Rc1+ {[%emt 0:00:59] The position is equal.} 31. Kg2 Rb1 {[%emt 0:00:07] Prevents Rb2.} 32. Rd8+ Kg7 33. Rb8 Nc2 34. b5 Nd4 35. b6 {[%emt 0:01:58] [#] aiming for b7.} Nc6 36. Rb7 Na5 37. Rb8 Nc6 38. Rb7 Na5 {[%emt 0:00:01] Weighted Error Value: White=0.06 (flawless) /Black=0.06 (flawless) .  Inaccurate:     	White=1     	Black=2      OK:         	White=15    	Black=12     Best:        	---       	Black=2      Strong:       	---       	Black=1} 1/2-1/2

[Event "Czech Open Rapid G1 2024"]
[Site "Pardubice"]
[Date "2024.07.18"]
[Round "5.8"]
[White "Konopka, Michal"]
[Black "Sherman, Raem"]
[Result "1-0"]
[Annotator "RC"]
[ECO "E05"]
[WhiteElo "2326"]
[BlackElo "2358"]
[PlyCount "87"]
[EventDate "2024.07.16"]
[EventType "swiss"]
[EventCountry "CZE"]
[SourceTitle "playchess.com"]
[Source "ChessBase"]
[SourceQuality "1"]
[TimeControl "1200+10"]

1. Nf3 d5 2. d4 Nf6 3. c4 e6 4. g3 Be7 5. Bg2 O-O 6. O-O dxc4 7. Qa4 a6 8. Qxc4 b5 9. Qc2 Bb7 10. Bg5 Be4 11. Qc1 Ra7 12. Nbd2 Ba8 13. Nb3 Nbd7 14. Rd1 h6 15. Bxf6 Bxf6 16. Nc5 Qe7 17. Nxd7 Qxd7 18. Qc5 c6 19. Ne5 Qc7 20. Nxc6 Bxc6 21. Qxc6 Qa5 22. a4 b4 23. Rac1 Qd8 24. b3 Qb8 25. d5 exd5 26. Bxd5 Bc3 27. Bc4 Kh8 28. Bxa6 f5 29. Rd6 Be5 30. Rd7 f4 31. Rxa7 Qxa7 32. Qc5 Qb8 33. Qxf8+ Qxf8 34. Rc8 Qxc8 35. Bxc8 fxg3 36. hxg3 Bc7 37. Kg2 Kg8 38. Kf3 Bb6 39. e3 Kf7 40. Ke4 Ke7 41. Kd5 Kd8 42. Kc6 Bc7 43. Bf5 Be5 44. a5 1-0

[Event "Czech Open Rapid G1 2024"]
[Site "Pardubice"]
[Date "2024.07.18"]
[Round "5.9"]
[White "Ludvik, Tomas"]
[Black "Cerveny, Martin"]
[Result "1-0"]
[Annotator "RC"]
[ECO "D31"]
[WhiteElo "2210"]
[BlackElo "2325"]
[PlyCount "75"]
[EventDate "2024.07.16"]
[EventType "swiss"]
[EventCountry "CZE"]
[SourceTitle "playchess.com"]
[Source "ChessBase"]
[SourceQuality "1"]
[TimeControl "1200+10"]

1. d4 d5 2. c4 e6 3. Nc3 c6 4. e4 dxe4 5. Nxe4 Bb4+ 6. Bd2 Qxd4 7. Bxb4 Qxe4+ 8. Be2 Na6 9. Ba5 f6 10. Qd8+ Kf7 11. Rd1 Qxg2 12. Bf3 Qg5 13. Ne2 Qf5 14. Bg2 b6 15. Bc3 Bb7 16. Qd7+ Ne7 17. Qxb7 Nc5 18. Qc7 Nd3+ 19. Rxd3 Qxd3 20. Qg3 Qxc4 21. Qf3 Rhd8 22. O-O Qxa2 23. Nf4 Qc4 24. Bh3 Rd6 25. Re1 Nf5 26. Qh5+ Kg8 27. Bxf5 Qxf4 28. Bxe6+ Kh8 29. Bf5 Qg5+ 30. Qxg5 fxg5 31. Re7 Rg8 32. Be6 Rxe6 33. Rxe6 c5 34. Re7 a5 35. Rb7 h6 36. Rxb6 Ra8 37. Rxh6+ Kg8 38. Rg6 1-0

[Event "Czech Open Rapid G1 2024"]
[Site "Pardubice"]
[Date "2024.07.18"]
[Round "5.10"]
[White "Bures, Jaroslav"]
[Black "Jurek, Josef"]
[Result "1-0"]
[Annotator "TA"]
[ECO "C06"]
[WhiteElo "2418"]
[BlackElo "2200"]
[PlyCount "107"]
[EventDate "2024.07.16"]
[EventType "swiss"]
[EventCountry "CZE"]
[SourceTitle "playchess.com"]
[Source "ChessBase"]
[SourceQuality "1"]
[TimeControl "1200+10"]

1. e4 e6 2. d4 d5 3. Nd2 Be7 4. Ngf3 Nf6 5. e5 Nfd7 6. Bd3 c5 7. c3 Nc6 8. a4 (8. O-O $142) 8... Qb6 $11 9. O-O cxd4 10. cxd4 {[%emt 0:00:08] The position is equal.} Nxd4 11. a5 Nxf3+ $1 12. Nxf3 Qc7 13. Qe2 Nc5 14. Bc2 {[%emt 0:01:18] Repels Nb3} Bd7 15. Be3 Rc8 16. Rfc1 Qb8 17. h3 h6 18. Bd4 a6 19. Qe3 Bb5 20. Nd2 Nd7 21. f4 g6 22. Nf3 Kf8 23. g4 Bc5 (23... Rc6 $17) 24. Bxg6 Bxd4 25. Nxd4 (25. Rxc8+ {is more complex.} Qxc8 26. Nxd4 fxg6 27. Rc1) 25... fxg6 26. Rxc8+ (26. Nxe6+ $2 Ke8 $19) 26... Qxc8 27. Nxe6+ Kf7 (27... Kg8 $1 $11) 28. Rc1 {[%emt 0:00:23][%mdl 1024] White has compensation.} Bc6 {[%emt 0:01:45] [#]} (28... Kxe6 $11 {keeps the balance.} 29. f5+ (29. Rxc8 Rxc8 30. f5+ gxf5 $11) 29... gxf5 30. Rxc8 (30. gxf5+ Kxf5 31. Qf3+ Kxe5 $11) 30... Rxc8) 29. Nd4 $1 $16 {[%emt 0:00:40] And now e6+ would win. White has more active pieces.} Kg7 (29... Nf8 30. Nxc6 bxc6 31. Qb6 $11) (29... Kg8 $14) 30. f5 $2 (30. e6 $18 {[%cal Of4f5] Hoping for f5!} Re8 31. Nxc6 (31. exd7 Qxd7 32. Qc3 Kh7 $16) 31... bxc6 32. exd7 Qxd7 33. Qc3+ d4 34. Qxc6) 30... Re8 $2 {[%emt 0:00:35] [#]} (30... Qb8 $1 $11 31. Re1 (31. Nxc6 bxc6 32. e6 Nf6 $17) 31... Re8 32. Ne6+ Kh7 33. fxg6+ Kxg6 (33... Kg8 $2 34. Qxh6 Re7 35. Rf1 $18) 34. Nf4+ Kf7 (34... Kh7 35. Qd3+ Kh8 36. Qg6 $11) 35. e6+ Ke7 (35... Kg8 $2 36. Nh5 $18)) 31. e6 $1 $18 {[%emt 0:01:24] fxg6 is the strong threat.} Nf6 32. Nxc6 $2 (32. fxg6 $18 {Nf5+ would kill now.} Kxg6 33. Rf1) 32... bxc6 $11 33. Qa7+ Kh8 34. Qd4 $36 {[%emt 0:00:31][%mdl 2048] White has the initiative.} (34. fxg6 Qxe6 35. Rf1 Re7 36. Qxa6 d4 $19) 34... Kg7 {[%emt 0:00:50] aiming for ...Qb8.} 35. h4 (35. Qa7+ $1 $11 Kh8 36. Qf7 (36. fxg6 $2 Qxe6 37. g7+ Kh7 $19)) 35... gxf5 (35... Qc7 $17 {Threatens to win with ...Qg3+.} 36. Rc3 gxf5 (36... Qxa5 $2 37. g5 $18)) 36. gxf5 $15 Qd8 ({Better is} 36... Rf8 $17 {White must now prevent ...Qc7.} 37. Kh1 Qb7 38. Rg1+ Kh7) 37. Kh1 $2 (37. Rxc6 $11 {and White has nothing to worry.} Qb8 (37... Qxa5 38. b4 $11) 38. Rc2 (38. Kg2 $2 Rg8 $19)) 37... Kh8 $2 (37... Qxa5 38. Rg1+ (38. Rxc6 $2 Qe1+ 39. Qg1+ Qxg1+ 40. Kxg1 Ng8 $19) 38... Kh7 39. Qxf6 (39. Qa7+ Qc7 40. Qxc7+ Nd7 41. Qg3 Nf8 42. Qg8#) 39... Qc7 40. Qg6+ Kh8 41. Qxe8+ Kh7 42. Qg8#) (37... Kh7 $19 {...Ne4 would now be deadly.} 38. Rxc6 Ne4) 38. Rxc6 $11 Rg8 $2 {[%emt 0:00:14][%mdl 8192] Black is on the road to losing.} (38... Rf8 $11) 39. e7 $1 $18 ({Worse is} 39. Rxa6 Rg7 (39... Qe7 $2 40. Ra7 $18) 40. Ra7 (40. e7 $2 Qxe7 41. Re6 Qc7 $19) 40... Rxa7 41. Qxa7 d4 $11) 39... Qxe7 40. Qxf6+ (40. Rxf6 $2 {gets mated.} Qe1+ 41. Kh2 Qg3+ 42. Kh1 Qh3#) 40... Qxf6 41. Rxf6 {[%emt 0:00:02][%mdl 4096] Endgame. KR-KR} Rc8 (41... Rd8 $142 42. Rxh6+ (42. Rxa6 d4 $16) 42... Kg7 43. Rxa6 d4 44. Rg6+ Kf7) 42. Rxh6+ Kg7 43. Rxa6 Rc1+ 44. Kg2 Rc2+ 45. Kg3 Rxb2 46. Rd6 {[%emt 0:00:07][%cal Oa5a6] Strongly threatening a6!} Rb5 47. a6 Ra5 48. Kf4 {[%emt 0:00:41] White mates.} d4 49. Kg5 Kf7 50. h5 Ke7 {[%emt 0:00:45] [#]} 51. h6 $1 Ra1 (51... Kxd6 52. h7) 52. Rxd4 Rxa6 53. h7 Ra8 54. Kg6 {[%emt 0:00:04] Weighted Error Value: White=0.37/Black=0.64.  Loses game:     	White=1     	Black=2      Missed win:     	White=1     	Black=1      Mistake:       	White=2     	Black=6      Inaccurate:     	White=3     	Black=1      OK:         	White=8     	Black=13     Best:        	White=1     	Black=1      Strong:       	White=3     	Black=1} 1-0

[Event "Czech Open Rapid G1 2024"]
[Site "Pardubice"]
[Date "2024.07.18"]
[Round "5.11"]
[White "Prokofiev, Valentyn"]
[Black "Berin, Artem"]
[Result "1/2-1/2"]
[Annotator "RC"]
[ECO "D30"]
[WhiteElo "2337"]
[BlackElo "2234"]
[PlyCount "280"]
[EventDate "2024.07.16"]
[EventType "swiss"]
[EventCountry "CZE"]
[SourceTitle "playchess.com"]
[Source "ChessBase"]
[SourceQuality "1"]
[TimeControl "1200+10"]

1. Nf3 Nf6 2. c4 e6 3. d4 d5 4. e3 c5 5. cxd5 exd5 6. Bb5+ Bd7 7. Bxd7+ Nbxd7 8. dxc5 Nxc5 9. O-O Be7 10. Bd2 O-O 11. Bc3 Nce4 12. Bd4 Qd6 13. Nc3 Nxc3 14. Bxc3 Rfd8 15. Rc1 Rac8 16. Qd4 b6 17. Qa4 Qb8 18. Qa6 Ne4 19. Be5 Qa8 20. Rfd1 Nc5 21. Qe2 Qb7 22. h3 Ne6 23. Nd4 Nxd4 24. Bxd4 Rxc1 25. Rxc1 Rc8 26. Rd1 Qd7 27. Bc3 Qe6 28. Qa6 Rc7 29. Qb5 Bc5 30. Qb3 Rd7 31. Bd4 h6 32. Qc3 Bf8 33. Rc1 f6 34. a4 Bd6 35. Qc8+ Kf7 36. Rc6 Qe7 37. Rc3 Bb4 38. Rc1 Bd6 39. Qc6 Qe6 40. Qa8 Qe4 41. Qc8 Qe7 42. Qc6 Qe6 43. Qb5 Rc7 44. Rd1 Rd7 45. b4 Be7 46. Rc1 Qd6 47. Rc8 Rd8 48. Rxd8 Bxd8 49. Bc3 Be7 50. Qd3 Qc6 51. b5 Qe6 52. Bd4 Qc8 53. Qb3 Qc1+ 54. Kh2 Bd6+ 55. g3 Qc4 56. Qd1 Kf8 57. Kg2 Qc8 58. Qh5 Qe6 59. Kg1 Qe4 60. Qd1 Qf5 61. h4 Qe4 62. Qc1 Qe8 63. Qc3 Kf7 64. Qb3 Qe4 65. Qa2 Qe6 66. Qc2 Qd7 67. Qa2 Qe6 68. a5 Bc7 69. a6 Kf8 70. Qb3 Qe4 71. Qa3+ Kf7 72. Qc1 Bd8 73. Qc8 Qe7 74. Qc6 Qe6 75. Qb7+ Qe7 76. Qxd5+ Kf8 77. Qa8 Kf7 78. Qd5+ Kf8 79. h5 Qc7 80. Kg2 Be7 81. e4 Bd6 82. Qf5 Qd8 83. Qd5 Qc7 84. Be3 Be5 85. Qa8+ Kf7 86. Qd5+ Kf8 87. Kf3 Bd6 88. Qa8+ Kf7 89. Qd5+ Kf8 90. Bf4 Bxf4 91. gxf4 Qc3+ 92. Kg2 Qc8 93. f5 Qe8 94. Qd6+ Kf7 95. Qc7+ Kf8 96. Qd6+ Kf7 97. Qd5+ Kf8 98. Qd6+ Kf7 99. Qd5+ Kf8 100. f3 Qc8 101. Qb7 Qc2+ 102. Kg3 Qc1 103. Qb8+ Kf7 104. Qxa7+ Kg8 105. Qxb6 Qg5+ 106. Kf2 Qd2+ 107. Kf1 Qc1+ 108. Ke2 Qc2+ 109. Ke3 Qc3+ 110. Kf2 Qd2+ 111. Kf1 Qc1+ 112. Kg2 Qg5+ 113. Kf1 Qc1+ 114. Ke2 Qc2+ 115. Ke3 Qc3+ 116. Kf4 Qd2+ 117. Kg3 Qg5+ 118. Kh2 Qxh5+ 119. Kg1 Qg5+ 120. Kh1 Qh5+ 121. Kg2 Qg5+ 122. Kf1 Qc1+ 123. Ke2 Qc2+ 124. Ke3 Qc3+ 125. Kf4 Qd2+ 126. Kg3 Qg5+ 127. Kh2 Qh5+ 128. Kg1 Qg5+ 129. Kf2 Qd2+ 130. Kf1 Qc1+ 131. Kg2 Qg5+ 132. Kh2 Qh5+ 133. Kg2 Qg5+ 134. Kf1 Qc1+ 135. Ke2 Qc2+ 136. Ke3 Qc3+ 137. Ke2 Qc2+ 138. Kf1 Qc1+ 139. Kg2 Qg5+ 140. Kh2 Qh5+ 1/2-1/2

[Event "Czech Open Rapid G1 2024"]
[Site "Pardubice"]
[Date "2024.07.18"]
[Round "5.12"]
[White "Bouska, Jiri"]
[Black "Burdalev, Kirill"]
[Result "0-1"]
[Annotator "RC"]
[ECO "C64"]
[WhiteElo "2222"]
[BlackElo "2348"]
[PlyCount "100"]
[EventDate "2024.07.16"]
[EventType "swiss"]
[EventCountry "CZE"]
[SourceTitle "playchess.com"]
[Source "ChessBase"]
[SourceQuality "1"]
[TimeControl "1200+10"]

1. e4 e5 2. Nf3 Nc6 3. Bb5 a6 4. Ba4 Bc5 5. O-O Nge7 6. c3 Ba7 7. d3 O-O 8. Bg5 f6 9. Bb3+ Kh8 10. Bh4 d5 11. exd5 Nxd5 12. Bg3 Be6 13. Nbd2 Qd7 14. Re1 Rad8 15. Qe2 Rfe8 16. Qf1 Bg8 17. Rad1 Nde7 18. Bc2 Nf5 19. Ne4 Nxg3 20. Nxg3 f5 21. d4 e4 22. Nd2 g6 23. Kh1 Qg7 24. b3 Ne7 25. Nc4 Nd5 26. Ne2 c6 27. Na5 Bb8 28. Nc4 b5 29. Ne5 Bxe5 30. dxe5 Qxe5 31. Nd4 Qf6 32. c4 Nc3 33. Ne2 Nxd1 34. Rxd1 Qb2 35. Bb1 bxc4 36. Rxd8 Rxd8 37. h4 Rd2 38. Ng3 Rxf2 39. Qg1 h5 40. bxc4 Bxc4 41. Qd1 Rd2 42. Qg1 Bd5 43. Qc5 Qxb1+ 44. Kh2 Rxg2+ 45. Kxg2 e3+ 46. Kh3 Qb8 47. Qe7 Kg8 48. Qf6 Qe8 49. Ne2 Kh7 50. Qg5 Bf3 0-1

[Event "Czech Open Rapid G1 2024"]
[Site "Pardubice"]
[Date "2024.07.18"]
[Round "5.13"]
[White "Dobrowolski, Piotr"]
[Black "Hosticka, Frantisek"]
[Result "1-0"]
[Annotator "RC"]
[ECO "B03"]
[WhiteElo "2412"]
[BlackElo "2062"]
[PlyCount "79"]
[EventDate "2024.07.16"]
[EventType "swiss"]
[EventCountry "CZE"]
[SourceTitle "playchess.com"]
[Source "ChessBase"]
[SourceQuality "1"]
[TimeControl "1200+10"]

1. e4 Nf6 2. e5 Nd5 3. d4 d6 4. f4 Bf5 5. Nf3 e6 6. Bd3 Bxd3 7. Qxd3 Nc6 8. c3 Be7 9. O-O O-O 10. c4 Nb6 11. Nc3 dxe5 12. fxe5 Nb4 13. Qe2 c5 14. Be3 cxd4 15. Bxd4 Qc7 16. b3 Nc6 17. Bf2 Nd7 18. Nb5 Qb8 19. Bg3 a6 20. Rad1 axb5 21. cxb5 Nb4 22. Rxd7 Rxa2 23. Qe4 Nd5 24. Bh4 Bxh4 25. Qxh4 Qa7+ 26. Kh1 h6 27. Rd8 Rxd8 28. Qxd8+ Kh7 29. Qd7 Ra1 30. Rg1 Rxg1+ 31. Nxg1 Qf2 32. Qxb7 Kg6 33. Qc6 Qe3 34. Qc2+ Kg5 35. Nf3+ Kg4 36. h3+ Kg3 37. Qd1 Kf4 38. Qf1 Ke4 39. Qc4+ Kf5 40. Qg4# 1-0

[Event "Czech Open Rapid G1 2024"]
[Site "Pardubice"]
[Date "2024.07.18"]
[Round "5.14"]
[White "Sichrovsky, Tomas"]
[Black "Kuegel, Tobias"]
[Result "0-1"]
[Annotator "TA"]
[ECO "D41"]
[WhiteElo "1933"]
[BlackElo "2416"]
[PlyCount "90"]
[EventDate "2024.07.16"]
[EventType "swiss"]
[EventCountry "CZE"]
[SourceTitle "playchess.com"]
[Source "ChessBase"]
[SourceQuality "1"]
[TimeControl "1200+10"]

1. d4 d5 2. c4 e6 3. Nc3 Nf6 4. cxd5 Nxd5 5. e4 Nxc3 6. bxc3 c5 7. Nf3 cxd4 8. cxd4 Bb4+ 9. Bd2 Bxd2+ 10. Qxd2 O-O 11. Be2 b6 12. O-O Bb7 13. Qe3 Nd7 14. Rfd1 Nf6 15. Nd2 Rc8 16. f3 {[%emt 0:01:14] White is slightly better.} Qe7 17. Rac1 h6 18. Nc4 Rfd8 19. Qb3 Ba6 20. Bf1 Bxc4 21. Rxc4 Rxc4 22. Bxc4 Qc7 23. Bb5 Rc8 24. a4 Kf8 25. Qb4+ Qe7 26. Qb2 Kg8 27. Rc1 Rxc1+ 28. Qxc1 $11 {[%emt 0:00:01][%mdl 4096] Endgame. KQB-KQN} Qb4 29. Qe3 Kf8 30. h3 a6 31. Bxa6 Qxa4 32. Bd3 Qa3 33. Kh1 {[%emt 0:00:18] [#]} (33. Qd2 $11) 33... b5 {[%emt 0:00:27] Black is more active.} (33... Qc3 $1 $17 34. Kg1 b5) 34. d5 $1 $15 exd5 35. e5 {[%emt 0:00:10] Now White is beyond hope.} (35. exd5 $11 {and White has nothing to worry.} Nxd5 36. Qd4 Qc1+ 37. Kh2 Qc7+ 38. g3) 35... Nd7 $19 {[%emt 0:00:26] White must now prevent ...Nc5.} 36. e6 Qa1+ 37. Bb1 $2 (37. Qg1 Qxg1+ 38. Kxg1) 37... Qxb1+ 38. Kh2 fxe6 39. Qxe6 Nf6 {[%emt 0:00:01] [#] ( -> ...b4)} 40. Qd6+ Kg8 {[%emt 0:00:04] Black mates.} 41. Qc6 Kh7 42. h4 b4 43. Qb5 b3 44. g4 Qc2+ 45. Kg3 b2 {[%emt 0:00:04] Weighted Error Value: White=0.65/Black=0.12 (very precise) .  Mistake:       	White=3     	Black=1      Inaccurate:     	White=1     	Black=3      OK:         	White=5     	Black=7      Best:        	White=1     	Black=1      Strong:       	White=1     	---} 0-1

[Event "Czech Open Rapid G1 2024"]
[Site "Pardubice"]
[Date "2024.07.18"]
[Round "5.15"]
[White "Rous, Dominik"]
[Black "Piesik, Piotr"]
[Result "0-1"]
[Annotator "TA"]
[ECO "A40"]
[WhiteElo "1719"]
[BlackElo "2415"]
[PlyCount "118"]
[EventDate "2024.07.16"]
[EventType "swiss"]
[EventCountry "CZE"]
[SourceTitle "playchess.com"]
[Source "ChessBase"]
[SourceQuality "1"]
[TimeControl "1200+10"]

1. Nf3 g6 2. d4 Bg7 3. b3 c5 4. e3 Nc6 5. Bb2 d6 6. Nbd2 Nh6 7. Bb5 Nf5 8. O-O {[%emt 0:00:27] White is slightly better.} O-O 9. Bxc6 bxc6 10. Qc1 cxd4 11. Nxd4 Nxd4 12. Bxd4 e5 13. Bb2 d5 14. Nf3 Re8 15. h3 (15. c4 $15) 15... a5 (15... c5 $17 16. Nd2 Ba6) 16. c4 $15 a4 17. Rd1 Bb7 18. Rd2 Qb6 19. Rb1 axb3 20. axb3 f6 {[%emt 0:00:35] Black is more active.} (20... Qxb3 $2 21. Bxe5 Qxc4 22. Qxc4 dxc4 23. Bxg7 $18) 21. b4 Red8 (21... Qxb4 22. Bxe5 Qe7 (22... Qxc4 $2 23. Rc2 $18) 23. Bf4 $16) 22. cxd5 {[%emt 0:00:40] Black continues to play with concentration.} cxd5 (22... Qxb4 $2 23. dxc6 (23. Bxe5 Qe7 $18) 23... Rxd2 24. Nxd2 (24. cxb7 Qxb7 25. Qxd2 Rb8 $18) 24... Bxc6 25. Qxc6 $18) 23. Qc5 Qxc5 24. bxc5 Bc6 25. Bc3 Bf8 26. Rb6 (26. Ne1 $17) 26... Rdc8 $19 (26... Bxc5 $2 {perishes.} 27. Rxc6 Be7 28. Rd1 $18) 27. Bb4 (27. Rb1 $17) 27... Be7 28. Bc3 Bxc5 29. Rb1 Kf7 30. Rdb2 Ke6 31. Rc2 (31. Nd2 $142) 31... Ba4 {[%emt 0:01:35] A strong pair of Bishops.} 32. Ra2 Bd6 33. Be1 (33. Bb4 $142) 33... Bc6 34. Rxa8 Rxa8 35. Rb6 Kd7 {[%emt 0:00:05] Threatens to win with ...Ra1.} 36. Rb1 g5 37. Rc1 h5 38. Rb1 h4 39. Rc1 Bb5 40. Rb1 Bc4 41. Bc3 Ra3 42. Bb4 Rb3 43. Rxb3 Bxb3 44. Bxd6 (44. Nd2 Bd1 45. Bxd6 Kxd6 46. Kf1) 44... Kxd6 {[%emt 0:00:01][%mdl 4096] Endgame. KB-KN} 45. Kf1 Kc5 46. g3 hxg3 47. fxg3 Bc2 $2 (47... Bd1 48. Nh2 Bh5) 48. Nd2 (48. Ke1) 48... Kb4 49. Ke2 Kc3 50. h4 gxh4 51. gxh4 Bg6 {[%emt 0:00:07] [#] ( -> ...Bh5+)} 52. Nf1 Bd3+ {[%emt 0:00:58] Black mates.} 53. Ke1 Bxf1 54. Kxf1 {[%emt 0:00:01] [#]} d4 $1 55. exd4 exd4 {[%emt 0:00:02] KPP-KP} 56. h5 d3 57. h6 d2 58. Ke2 Kc2 59. h7 d1=Q+ {[%emt 0:00:03] Weighted Error Value: White=0.56/Black=0.13 (very precise) .  Mistake:       	White=7     	Black=2      Inaccurate:     	White=4     	---        OK:         	White=8     	Black=17     Best:        	---       	Black=2} (59... d1=R 60. h8=Q (60. h8=R Rd2+ 61. Kf3 Rd3+ 62. Kg2 Rd2+ 63. Kg3 Rd3+ 64. Kf4 Rd4+ 65. Kf5 Kc3 $11) 60... Rd2+ 61. Ke3 Rd3+ 62. Ke4 $18) 0-1

[Event "Czech Open Rapid G1 2024"]
[Site "Pardubice"]
[Date "2024.07.18"]
[Round "5.16"]
[White "Johansson, Linus"]
[Black "Novotny, Josef"]
[Result "1-0"]
[Annotator "TA"]
[ECO "C01"]
[WhiteElo "2451"]
[BlackElo "2033"]
[PlyCount "71"]
[EventDate "2024.07.16"]
[EventType "swiss"]
[EventCountry "CZE"]
[SourceTitle "playchess.com"]
[Source "ChessBase"]
[SourceQuality "1"]
[TimeControl "1200+10"]

1. e4 e6 2. d4 d6 3. Nc3 h6 4. Be3 Nf6 5. f3 a6 6. Qd2 Nc6 (6... b5 $11) 7. O-O-O b5 8. Kb1 {[%emt 0:00:02] White is slightly better.} Bd7 (8... b4 $14 {should be considered.}) 9. g4 d5 (9... b4 $14) 10. e5 (10. exd5 $1 $16 Nxd5 11. Nxd5 exd5 12. Bd3) 10... Nh7 (10... Ng8 $1 $14) 11. h4 $16 b4 {[%emt 0:00:33] [#]} 12. Nce2 Na5 13. Ng3 Bb5 14. f4 Bxf1 (14... c5 $16 15. f5 (15. dxc5 Bxf1 16. Rxf1 Nc4 $18) 15... Nc4 16. Bxc4 dxc4) 15. Rxf1 $18 (15. Nxf1 c5 16. f5 (16. dxc5 Nc4 $16) 16... Nc4) 15... Nc4 16. Qf2 Qd7 17. Bc1 O-O-O 18. Nf3 Be7 19. Rd1 Kb7 20. Rd3 (20. Ne1 $18) 20... a5 21. b3 Nb6 22. c3 ({Better is} 22. f5 $16) 22... Rc8 23. cxb4 axb4 (23... Qb5 $14 24. Qe2 Bxb4) 24. Be3 Qb5 {[%emt 0:00:16] [#]} (24... Ra8 $142) 25. Rd2 $1 $16 Nd7 26. Qe2 ({White should try} 26. f5) 26... Qb6 (26... Qxe2 $16 27. Nxe2 (27. Rxe2 c5 $14) 27... c5) 27. Rc1 $18 Nhf8 28. h5 {[%emt 0:00:26] Wards off Ng6} (28. Rdc2 $18) 28... Nb8 $16 29. f5 $36 {[%emt 0:00:28][%mdl 2048] Keeping Black busy. White has more active pieces.} Nfd7 30. g5 hxg5 (30... Nc6 $16 {was called for.}) 31. Bxg5 $18 f6 (31... Bf8 {was necessary.} 32. Nh4 c5) 32. exf6 gxf6 33. Bf4 ({Inferior is} 33. Qxe6 Qxe6 34. fxe6 fxg5 $11) ({But not} 33. fxe6 Nf8 $18) 33... Nf8 34. Rdc2 ({Don't do} 34. h6 Qa6 35. Rdc2 Bd8 $18) 34... Na6 {[%emt 0:00:04] [#]} (34... c5 35. h6 Nbd7 36. fxe6 Nxe6) 35. Rc6 $1 Qa7 (35... Qa5 36. fxe6) 36. Qb5+ {[%emt 0:00:04] Weighted Error Value: White=0.24 (precise) /Black=0.52.  Mistake:       	White=5     	Black=11     Inaccurate:     	White=2     	Black=2      OK:         	White=11    	Black=6} 1-0

[Event "Czech Open Rapid G1 2024"]
[Site "Pardubice"]
[Date "2024.07.18"]
[Round "5.17"]
[White "Ptacek, Lubos"]
[Black "Lalic, Bogdan"]
[Result "0-1"]
[Annotator "RC"]
[ECO "C55"]
[WhiteElo "2036"]
[BlackElo "2348"]
[PlyCount "62"]
[EventDate "2024.07.16"]
[EventType "swiss"]
[EventCountry "CZE"]
[SourceTitle "playchess.com"]
[Source "ChessBase"]
[SourceQuality "1"]
[TimeControl "1200+10"]

1. e4 e5 2. Nf3 Nc6 3. Bc4 Nf6 4. d3 h6 5. O-O d6 6. c3 g6 7. Re1 Bg7 8. a4 O-O 9. h3 d5 10. Bb5 dxe4 11. Bxc6 bxc6 12. Nxe5 Qd5 13. f4 Rd8 14. d4 h5 15. Be3 Ba6 16. Qc2 Nd7 17. c4 Qe6 18. b3 Nf8 19. Bf2 f6 20. Nf3 exf3 21. Rxe6 Nxe6 22. g3 f5 23. Nc3 Nxd4 24. Bxd4 Bxd4+ 25. Kf1 Re8 26. Rd1 Rad8 27. g4 hxg4 28. hxg4 Kg7 29. gxf5 Rh8 30. Ke1 Rh1+ 31. Kd2 Rh2+ 0-1